 Dungeon Crawl Stone Soup version 0.28.0-53-g5a82cb258f (webtiles) character file.

Game seed: 8289331486323681004

1256 nickcage the Arsonist (level 8, -1/41 HPs)
             Began as a Deep Elf Fire Elementalist on July 11, 2022.
             Was a Follower of Vehumet.
             Shot with an arrow by a centaur (13 damage)
             ... on level 6 of the Dungeon.
             The game lasted 00:33:16 (8461 turns).

nickcage the Arsonist (Deep Elf Fire Elementalist)  Turns: 8461, Time: 00:33:18

Health: -1/41      AC:  2    Str:  5    XL:     8   Next: 26%
Magic:  17/19      EV: 12    Int: 23    God:    Vehumet [*.....]
Gold:   187        SH:  0    Dex: 15    Spells: 6/19 levels left

rFire   . . .      SeeInvis .   z - +4 rapier (speed)
rCold   . . .      Faith    .   (no shield)
rNeg    . . .      Spirit   .   a - +0 robe
rPois   .          Reflect  .   (no helmet)
rElec   .          Harm     .   (no cloak)
rCorr   .          Rampage  .   (no gloves)
Will    .....                   (no boots)
Stlth   ++........              (no amulet)
HPRegen 0.13/turn               (no ring)
MPRegen 0.16/turn               (no ring)

@: no status effects
A: no striking features
a: Renounce Religion


You were on level 6 of the Dungeon.
You worshipped Vehumet.
Vehumet was aware of your devotion.
You visited 2 branches of the dungeon, and saw 7 of its levels.
You also visited: Sewer.

You collected 187 gold pieces.

Inventory:

Hand Weapons
 c - a +0 spear
 d - a +0 vorpal dagger
 l - a +2 whip of electrocution
 z - a +4 rapier of speed (weapon)
Armour
 a - a +0 robe (worn)
Magical Staves
 g - a staff of air
Jewellery
 B - the ring "Qounen" {Wiz rN+ Dex+5}
   (You found it on level 6 of the Dungeon)

   [ring of wizardry]

   It improves your spell success rate.
   Dex:       It affects your dexterity (+5).
   rN:        It protects you from negative energy.
Wands
 f - a wand of mindburst (14)
 m - a wand of charming (7)
 w - a wand of polymorph (7)
Scrolls
 j - 2 scrolls of silence
 k - 2 scrolls of teleportation
 p - 4 scrolls of fear
 r - 2 scrolls of noise
 s - a scroll of enchant armour {unknown}
 t - a scroll of summoning {unknown}
 u - a scroll of blinking {unknown}
 y - a scroll of identify
Potions
 b - 3 potions of might
 e - 4 potions of brilliance
 h - a potion of cancellation
 i - 2 potions of curing {unknown}
 n - a potion of mutation {unknown}
 o - a potion of heal wounds {unknown}
 q - a potion of attraction {unknown}
 v - 7 potions of flight
 x - a potion of magic {unknown}
 A - a potion of invisibility {unknown}


   Skills:
 - Level 2.4 Dodging
 - Level 2.4 Stealth
 - Level 6.0 Spellcasting
 - Level 3.1 Conjurations
 - Level 2.2 Translocations
 * Level 9.5 Fire Magic
 - Level 1.6 Air Magic


You had 6 spell levels left.
You knew the following spells:

 Your Spells              Type           Power      Damage    Failure   Level
a - Foxfire               Conj/Fire      100%       2x1d9     1%          1
b - Shock                 Conj/Air       68%        1d7       3%          1
c - Scorch                Fire           100%       2d10      1%          2
d - Conjure Flame         Conj/Fire      36%        6-21      1%          3
e - Flame Wave            Conj/Fire      36%        2d9       6%          4
f - Blink                 Tloc           34%        N/A       5%          2

Your spell library contained the following spells:

 Spells                   Type           Power      Damage    Failure   Level
 Sandblast                Erth           12%        2d6       9%          1
 Apportation              Tloc           34%        N/A       3%          1
 Inner Flame              Hex/Fire       28%        N/A       3%          3
 Animate Skeleton         Necr           12%        N/A       9%          1
 Summon Small Mammal      Summ           24%        N/A       9%          1
 Portal Projectile        Hex/Tloc       22%        N/A       16%         3
 Call Canine Familiar     Summ           6%         N/A       26%         3
 Leda's Liquefaction      Hex/Erth       3%         N/A       63%         4
 Manifold Assault         Tloc           17%        N/A       67%         5
 Storm Form               Tmut/Air       5%         N/A       100%        7


Dungeon Overview and Level Annotations

Branches:
Dungeon (6/15)             Temple (1/1) D:5           Sewer (visited)

Altars:
Ashenzari
Cheibriados
Elyvilon
Fedhas
Gozag
Hepliaklqana
Kikubaaqudgha
Makhleb
Nemelex Xobeh
Okawaru
Qazlal
Ru
Sif Muna
Trog
Uskayaw
Vehumet
Wu Jian
Xom
Yredelemnul
Zin
The Shining One

Annotations:
D:3 3 runed translucent doors, DocClef's ghost, amateur GnIE
D:6 2 transporters, DocClef's ghost, novice GnIE


Message History

Where to? (? - help)
There is a stone staircase leading down here.
You climb downwards.
Found five items.
Found two stone staircases leading up.
Found two transporters.
There is a stone staircase leading up here.
Okay, then.
The killer bee buzzes angrily. x3; You hear an angry buzzing noise.
Found a scimitar.
DocClef's ghost turns its malevolent gaze towards you.
You hear an angry buzzing noise. x2
There is a transporter landing site here.
DocClef's ghost screams, "I'll kill anyone who wants the ORB!"
The killer bee buzzes angrily.
You open the gate.
There is an open gate here.
B - the ring "Qounen" {Wiz rN+ Dex+5}
i - 2 yellow potions (gained 1)
You open the gate.
There is an open gate here.
The killer bee buzzes angrily. x2; You hear an angry buzzing noise. x2
Found an escape hatch in the ceiling.
You open the gate.
A centaur comes into view.
The centaur shouts!
Something shouts, "Begone, thou weedy sheep-biting bandersnitch!"
The centaur wields a +0 shortbow.
The centaur shoots an arrow.
The arrow hits you.
The centaur shoots an arrow.
The arrow hits you!
The centaur shoots an arrow.
The arrow hits you!
The centaur shoots an arrow.
The arrow hits you!
* * * LOW HITPOINT WARNING * * *
You are too injured to fight recklessly!
Casting: Scorch (safe; 1% risk of failure)
Press: ? - help, Q - select action, (/) - cycle Dir - look around, f - activate Flames lash the centaur.
The centaur is moderately wounded.
The centaur's fire resistance burns away.
The centaur shoots an arrow.
The arrow hits you!
You die...

#########
......'.#
......'.#######
......'.......#
###########...#
.# ....# ##..<#
..# ....#
#....#####...#
....#
#....##@..c..#
....#
#...##..###.##
....# ##..##..##
....#####......##
....##....#..###
....##.####..#
##.....#.....#
###......##.#.
....###..##.#..


You could see a centaur (combustible).

Vanquished Creatures
  Eustachio (D:5)
  Edmund (D:5)
  An ice beast (D:5)
  A necrophage (D:4)
  An ogre (D:4)
  A phantom (D:5)
  Blork the orc (D:5)
  A scorpion (D:4)
  A bullfrog zombie (D:5)
  A jelly (D:5)
  A hound (D:5)
  A centaur skeleton (D:5)
  Ijyb (D:5)
  An iguana (D:5)
  Natasha (thrice) (D:2)
  A hound skeleton (D:5)
  4 gnolls (D:2)
  A howler monkey skeleton (D:4)
  4 river rats (Sewer)
  9 adders
  9 worms
  3 dart slugs
  3 orcs
  11 ball pythons
  10 endoplasms
  6 giant cockroaches
  9 goblins
  4 hobgoblins
  8 jackals
  2 kobolds (D:4)
  7 quokkas
  9 bats
  A frilled lizard (D:1)
  6 rats
124 creatures vanquished.

Notes
Turn   | Place    | Note
-------+----------+-------------------------------------------
     0 | D:1      | nickcage the Deep Elf Fire Elementalist began the quest for
                  | the Orb.
     0 | D:1      | Reached XP level 1. HP: 10/10 MP: 6/6
    16 | D:1      | Found a faded altar of an unknown god.
    24 | D:1      | Got Plato's Reference Book on the Birds
    29 | D:1      | Learned a level 1 spell: Shock
   320 | D:1      | Reached XP level 2. HP: 15/15 MP: 5/8
   371 | D:1      | Reached skill level 1 in Air Magic
   893 | D:1      | Reached XP level 3. HP: 12/19 MP: 3/9
  1013 | D:1      | Learned a level 2 spell: Scorch
  1076 | D:1      | Reached skill level 4 in Fire Magic
  1391 | D:2      | Identified the +3 leather armour "Suhu Lonn" {rF+ rN+}
  1391 | D:2      | Noticed Natasha
  1397 | D:2      | Killed Natasha
  1664 | D:2      | Reached XP level 4. HP: 24/24 MP: 4/10
  1680 | D:2      | Noticed Natasha
  1684 | D:2      | Killed Natasha
  1699 | D:2      | Noticed Natasha
  1870 | D:2      | Killed Natasha
  1893 | D:2      | Reached skill level 5 in Fire Magic
  1897 | D:2      | Learned a level 3 spell: Conjure Flame
  1958 | D:2      | Reached XP level 5. HP: 21/28 MP: 4/11
  2406 | D:3      | Found a runed translucent gate.
  2419 | D:3      | Found a runed translucent gate.
  2419 | D:3      | Found a runed translucent gate.
  2420 | D:3      | Noticed DocClef's ghost (amateur GnIE)
  2503 | D:3      | Found a glowing golden altar of the Shining One.
  2552 | D:3      | Found a faded altar of an unknown god.
  2552 | D:3      | Found a broken altar of Ashenzari.
  2558 | D:3      | Found an ancient bone altar of Kikubaaqudgha.
  2560 | D:3      | Found a glowing silver altar of Zin.
  2562 | D:3      | Found a faded altar of an unknown god.
  2756 | D:3      | Found a blossoming altar of Fedhas.
  3023 | D:3      | Found a sparkling altar of Nemelex Xobeh.
  3153 | D:3      | Found an ornate altar of the Wu Jian Council.
  3782 | D:4      | Found a hide-covered altar of Uskayaw.
  3793 | D:4      | Found a burning altar of Makhleb.
  3809 | D:4      | Noticed an ogre
  3842 | D:4      | Learned a level 4 spell: Flame Wave
  3852 | D:4      | Killed an ogre
  3853 | D:4      | Reached XP level 6. HP: 32/32 MP: 4/14
  3991 | D:4      | Reached skill level 6 in Fire Magic
  4164 | D:4      | Found a bloodstained altar of Trog.
  4486 | D:4      | Reached skill level 5 in Spellcasting
  4934 | D:4      | Learned a level 2 spell: Blink
  4976 | D:5      | Entered Level 5 of the Dungeon
  5099 | D:5      | Found a staircase to the Ecumenical Temple.
  5110 | Temple   | Entered the Ecumenical Temple
  5119 | Temple   | Became a worshipper of Vehumet
  5207 | D:5      | Found a glowing drain.
  5223 | D:5      | Noticed an ice beast
  5232 | D:5      | Killed an ice beast
  5233 | D:5      | Reached skill level 1 in Translocations
  5233 | D:5      | Reached skill level 7 in Fire Magic
  5233 | D:5      | Reached XP level 7. HP: 36/36 MP: 5/17
  5293 | Sewer    | Entered a sewer
  5985 | Sewer    | Reached * piety under Vehumet
  5985 | Sewer    | Offered knowledge of Sandblast by Vehumet.
  6679 | D:5      | Found a basalt altar of Yredelemnul.
  6793 | D:5      | Noticed Blork the orc
  6817 | D:5      | Killed Blork the orc
  6931 | D:5      | Noticed Edmund
  6940 | D:5      | Killed Edmund
  6941 | D:5      | Reached skill level 8 in Fire Magic
  7144 | D:5      | Reached XP level 8. HP: 41/41 MP: 6/19
  7249 | D:5      | Noticed Eustachio
  7256 | D:5      | Killed Eustachio
  7257 | D:5      | Reached skill level 9 in Fire Magic
  7451 | D:5      | Noticed Ijyb
  7453 | D:5      | Killed Ijyb
  7958 | D:5      | Found an iron altar of Okawaru.
  8264 | D:6      | Found a transporter.
  8264 | D:6      | Found a transporter.
  8292 | D:6      | Noticed DocClef's ghost (novice GnIE)
  8351 | D:6      | Identified the ring "Qounen" {Wiz rN+ Dex+5}
  8461 | D:6      | Shot with an arrow by a centaur

Illustrated notes

Levels and vault maps discovered:
D:1:      lightli_arrival_maybe_door_vault, layout_basic,
          shapermc_ecumenical_altar_rom_forum, serial_glass, glass_columns_a,
          glass_columns_a, glass_columns_b, glass_columns_b, glass_columns_a,
          amcnicky_mini_corridor_feature
D:2:      layout_rooms, uniq_natasha
D:3:      layout_basic, fedhas_altar_1, overflow_temple_1_default,
          nemelex_altar_shiori, tso_oasis_becter,
          chequers_temple_overflow_minitemple, gammafunk_ghost_split
D:4:      layout_cave_pods, mainiacjoe_overflow_24_doors,
          mainiacjoe_overflow_large_starburst
D:5:      layout_layer_cave, kennysheep_okawaru_gauntlet,
          mainiacjoe_overflow_alcove_4, minmay_temple_entry_glassed_door,
          portal_sewer_entry_f, uniq_ijyb, uniq_edmund, uniq_eustachio,
          uniq_blork_the_orc
D:6:      layout_rooms, gammafunk_ghost_hive, kennysheep_cross_bottleneck
Temple:   dpeg_three_leaves_temple

Skill      XL: |  1  2  3  4  5  6  7  8 |
---------------+-------------------------+-----
Air Magic      | 1 |  1.6
Fire Magic     | 4 5 7 8 9 |  9.5
Conjurations   | 2 3 |  3.1
Spellcasting   | 4 5 6 |  6.0
Translocations | 1 2 |  2.2
Dodging        | |  2.4
Stealth        | |  2.4

Action                   |  1- 3 |  4- 6 |  7- 9 || total
-------------------------+-------+-------+-------++-------
Melee: Unarmed           |     1 |       |       ||     1
 Cast: Shock             |    71 |    80 |    67 ||   218
       Scorch            |     7 |    34 |    48 ||    89
       Conjure Flame     |       |     2 |       ||     2
  Use: Scroll            |       |    10 |     4 ||    14
Armor: Robe              |     3 |     2 |     7 ||    12
Dodge: Dodged            |     7 |    11 |    24 ||    42
